 Dungeon Crawl Stone Soup version 0.28-a0-529-g3bad584f25 (webtiles) character file.

Game seed: 17513586557277232159

22988 speeev33 the Fighter (level 13, -18/88 HPs)
             Began as a Gargoyle Fighter on Sept 25, 2021.
             Was a High Priest of Okawaru.
             Killed from afar by Azrael (28 damage)
             ... with a bolt of fire
             ... on level 13 of the Dungeon.
             The game lasted 00:26:55 (17015 turns).

speeev33 the Fighter (Gargoyle Fighter)            Turns: 17015, Time: 00:26:56

Health: -18/88     AC: 34    Str: 31    XL:     13   Next: 3%
Magic:  18/18      EV:  8    Int:  9    God:    Okawaru [*****.]
Gold:   658        SH: 10    Dex:  9    Spells: 12/12 levels left

rFire   . . .      SeeInvis +   G - +2 eveningstar (freeze)
rCold   x . .      Faith    .   c - +1 buckler
rNeg    + + +      Spirit   .   a - +0 plate armour
rPois   ∞          Reflect  +   y - +2 helmet {SInv}
rElec   +          Harm     .   x - +2 cloak
rCorr   +          Rampage  +   (no gloves)
Will    .....                   H - +0 pair of boots {rampage}
Stlth   ..........              o - amulet of Ucrekh {Reflect rC- rN++ rCorr SH+5 SInv}
HPRegen 0.24/turn               g - +6 ring of strength
MPRegen 0.16/turn               (no ring)

@: no status effects
A: sickness immunity, AC +9, negative energy resistance 1, electricity
resistance, torment resistance 1, petrification resistance
a: Renounce Religion, Heroism, Finesse, Duel


You were on level 13 of the Dungeon.
You worshipped Okawaru.
Okawaru was extremely pleased with you.
You visited 2 branches of the dungeon, and saw 14 of its levels.
You also visited: Sewer.

You collected 658 gold pieces.

Inventory:

Hand Weapons
 v - a +3 whip of electrocution
 G - a +2 eveningstar of freezing (weapon)
Armour
 a - a +0 plate armour (worn)
 c - a +1 buckler (worn)
 x - a +2 cloak (worn)
 y - a +2 helmet of see invisible (worn)
 H - a +0 pair of boots of rampaging (worn)
Jewellery
 e - a +4 ring of evasion
 f - an amulet of faith
 g - a +6 ring of strength (left hand)
 o - the amulet of Ucrekh (around neck) {Reflect rC- rN++ rCorr SH+5 SInv}
   (You acquired it on level 3 of the Dungeon)

   [amulet of reflection]

   It reflects blocked missile attacks.
   rC:        It makes you vulnerable to cold.
   rN:        It greatly protects you from negative energy.
   SInv:      It lets you see invisible.
   rCorr:     It protects you from acid and corrosion.
   SH:        It affects your SH (+5).
 C - a ring of fire
 E - a +6 ring of dexterity
Wands
 d - a wand of flame (19)
 u - a wand of acid (11)
 w - a wand of polymorph (13)
 D - a wand of mindburst (4)
Scrolls
 m - a scroll of magic mapping
 n - 10 scrolls of teleportation
 t - 3 scrolls of fear
 F - a scroll of fog
Potions
 b - a potion of magic {unknown}
 h - 6 potions of curing
 i - 8 potions of ambrosia
 j - a potion of degeneration
 k - 2 potions of heal wounds
 l - 2 potions of berserk rage
 p - 3 potions of invisibility
 q - 2 potions of cancellation
 r - 3 potions of attraction
 s - 4 potions of mutation
 z - 2 potions of haste
 A - a potion of lignification {unknown}
 B - 3 potions of might


   Skills:
 + Level 13.3 Fighting
 + Level 12.0 Maces & Flails
 + Level 13.3 Armour
 - Level 4.0 Shields
 - Level 7.0 Invocations


You had 12 spell levels left.
You didn't know any spells.
Your spell library contained the following spells:

 Spells                   Type           Power      Damage    Failure   Level
 Pain                     Necr           0%         1d4       92%         1
 Static Discharge         Conj/Air       0%         N/A       98%         2
 Conjure Flame            Conj/Fire      0%         6-21      100%        3
 Vampiric Draining        Necr           0%         2d6       100%        3
 Airstrike                Air            0%         N/A       100%        4
 Dispel Undead            Necr           0%         3d6       100%        4
 Sticky Flame             Conj/Fire      0%         2d3       100%        4
 Fireball                 Conj/Fire      0%         3d3       100%        5
 Lightning Bolt           Conj/Air       0%         1d11      100%        5
 Animate Skeleton         Necr           Unusable   N/A       N/A         1
 Summon Lightning Spire   Summ/Air       Unusable   N/A       N/A         4

Dungeon Overview and Level Annotations

Branches:
Dungeon (13/15)            Temple (1/1) D:6            Lair (0/6) D:8
    Orc (0/2) D:12          Sewer (visited)
 Vaults: D:13-14

Altars:
Ashenzari
Cheibriados
Dithmenos
Elyvilon
Fedhas
Gozag
Hepliaklqana
Kikubaaqudgha
Makhleb
Nemelex Xobeh
Okawaru
Qazlal
Ru
Sif Muna
Trog
Uskayaw
Vehumet
Wu Jian
Xom
Yredelemnul
Zin
The Shining One

Shops:
D:12 [(

Portals:
Trove: D:11 (give 12 potions of heal wounds)

Annotations:
D:10 3 runed translucent doors, Pooter's ghost, journeyman MiBe
D:13 Azrael


Innate Abilities, Weirdness & Mutations

You are immune to sickness and miasma.
Your stone body is resilient. (AC +9)
You are immune to poison.
You resist negative energy. (rN+)
You are resistant to electric shocks. (rElec)
You are resistant to unholy torment.
You are immune to petrification.


Message History

Azrael gestures at you.
The bolt of fire hits the fire elemental.
The fire elemental completely resists.
The bolt of fire hits the hell hound.
The hell hound completely resists.
The bolt of fire hits you!
You thump the hell hound! You freeze the hell hound!
The hell hound is almost dead.
The hell hound completely misses you. The fire elemental hits you.
The fire elemental burns you!
The hell hound bites you but does no damage.
You block the fire elemental's attack.
You bludgeon the hell hound!! You freeze the hell hound.
You kill the hell hound!
Okawaru accepts your kill. You block the fire elemental's attack.
The fire elemental hits you. The fire elemental burns you!
You impale the fire elemental!! You freeze the fire elemental.
The fire elemental is severely damaged.
A centaur comes into view.
The fire elemental barely misses you. x2
A centaur comes into view.
The centaur shouts!
You impale the fire elemental!! You freeze the fire elemental.
You destroy the fire elemental!
Okawaru accepts your kill. Azrael gestures at you.
The bolt of fire hits the fire elemental.
The fire elemental completely resists.
The bolt of fire hits you!!
* * * LOW HITPOINT WARNING * * *
You block the fire elemental's attack.
A centaur comes into view.
The hell hound barely misses you.
There is an open door here.
The hell hound bites you.
* * * LOW HITPOINT WARNING * * *
You see here a yak corpse.
Azrael gestures at you.
The bolt of fire hits the fire elemental.
The fire elemental completely resists.
The bolt of fire misses the hell hound.
The bolt of fire hits you!!
You die...

### #########
###c..# #†..††..#
###.......
#......†###.c.○.<...
#.......##°c#°°°○°°.
#....†..##R##☼○..°..
+...†...#○.# ..○....
#......E☼.## ...°..°
#....@h.### .......
##'###### .......
#†# ######. ##†# ..#
#..# #.# #[## #.#
#.# #######.# #†#
#........ #.#
#........


You could see Azrael, a fire elemental and a hell hound.

Vanquished Creatures
  Jorgrun (D:13)
  A yaktaur captain (D:10)
  A hydra (D:12)
  A boulder beetle (D:11)
  3 two-headed ogres
  Pikel (D:5)
  3 cyclopes
  3 manticores
  An ugly thing (D:12)
  An unseen horror (D:12)
  A komodo dragon (D:12)
  A gargoyle (D:12)
  A queen bee (D:13)
  3 meliai
  4 trolls
  Grinder (D:3)
  2 shadows (D:11)
  A vampire (D:10)
  2 wraiths
  3 fire elementals (D:13)
  17 yaks
  5 vampire mosquitoes
  3 steam dragons
  Duvessa (D:3)
  3 water moccasins
  2 acid dragons
  A hell hound (D:13)
  2 orc warriors
  A sky beast (D:7)
  A black bear (D:8)
  A necrophage (D:6)
  2 ogres
  5 wolves (D:8)
  6 centaurs
  A phantom (D:5)
  A lemure (D:5)
  2 kobold brigands
  Blork the orc (D:6)
  2 bullfrogs (Sewer)
  Dowan (D:3)
  3 scorpions
  A water moccasin skeleton (D:7)
  37 killer bees
  4 electric eels
  7 centaur zombies
  11 howler monkeys
  6 orc priests
  A centaur skeleton (D:7)
  6 hounds
  4 jellies
  A gnoll shaman (D:9)
  4 iguanas
  A scorpion zombie (D:5)
  8 orc wizards
  A killer bee zombie (D:6)
  A hound skeleton (D:5)
  A howler monkey zombie (D:3)
  11 gnolls
  8 adders
  2 river rats (Sewer)
  A white imp (D:7)
  An adder skeleton (D:5)
  A worm (D:3)
  3 dart slugs
  30 orcs
  5 endoplasms
  2 giant cockroaches
  9 goblins
  11 hobgoblins
  3 jackals
  3 quokkas
  20 ball pythons
  2 bats
  8 frilled lizards
  17 kobolds
  32 rats
359 creatures vanquished.

Vanquished Creatures (others)
  A deep elf pyromancer (D:12)
  10 plants
11 creatures vanquished.

Grand Total: 370 creatures vanquished

Notes
Turn   | Place    | Note
-------+----------+-------------------------------------------
     0 | D:1      | speeev33 the Gargoyle Fighter began the quest for the Orb.
     0 | D:1      | Reached XP level 1. HP: 14/14 MP: 1/1
   173 | D:1      | Got the Collected Works on Flames
   308 | D:1      | Reached XP level 2. HP: 19/19 MP: 2/2
  1011 | D:1      | Reached XP level 3. HP: 3/24 MP: 3/3
  1658 | D:2      | Reached XP level 4. HP: 29/29 MP: 4/4
  2164 | D:3      | Found a glowing silver altar of Zin.
  2407 | D:3      | Found a glowing drain.
  2411 | Sewer    | Entered a sewer
  2533 | Sewer    | Reached XP level 5. HP: 33/33 MP: 5/5
  3120 | Sewer    | Reached XP level 6. HP: 7/39 MP: 6/6
  3372 | Sewer    | Reached skill level 5 in Fighting
  3460 | Sewer    | Reached skill level 5 in Armour
  3549 | D:3      | Identified a scroll of acquirement
  3549 | D:3      | Acquired the amulet of Ucrekh {Reflect rC- rN++ rCorr SH+5
                  | SInv}
  4030 | D:3      | Noticed Grinder
  4042 | D:3      | Paralysed by Grinder for 7 turns
  4057 | D:3      | Killed Grinder
  4058 | D:3      | Reached XP level 7. HP: 18/45 MP: 7/7
  4535 | D:4      | Noticed Dowan
  4552 | D:4      | Noticed Duvessa
  4644 | D:3      | HP: 1/45 [Duvessa (3)]
  4647 | D:3      | Killed Duvessa
  5265 | D:3      | Killed Dowan
  5266 | D:3      | Reached skill level 5 in Maces & Flails
  5611 | D:4      | Reached XP level 8. HP: 43/51 MP: 8/8
  6070 | D:5      | Entered Level 5 of the Dungeon
  6223 | D:5      | Found a shadowy altar of Dithmenos.
  6699 | D:5      | Noticed Pikel
  6730 | D:5      | Killed Pikel
  6998 | D:5      | Reached XP level 9. HP: 58/58 MP: 9/9
  7902 | D:6      | Found a sacrificial altar of Ru.
  7902 | D:6      | Found a radiant altar of Vehumet.
  7933 | D:6      | Noticed Blork the orc
  7952 | D:6      | Killed Blork the orc
  8256 | D:6      | Found a staircase to the Ecumenical Temple.
  8265 | Temple   | Entered the Ecumenical Temple
  8386 | Temple   | Became a worshipper of Warmaster Okawaru
  9532 | D:7      | Reached * piety under Okawaru
  9556 | D:7      | Found an ornate altar of the Wu Jian Council.
  9939 | D:8      | Reached XP level 10. HP: 59/66 MP: 10/10
 10088 | D:8      | Reached ** piety under Okawaru
 10119 | D:8      | Found a staircase to the Lair.
 10404 | D:8      | Reached skill level 10 in Fighting
 10471 | D:8      | Reached skill level 10 in Armour
 11066 | D:9      | Noticed a two-headed ogre
 11077 | D:9      | Killed a two-headed ogre
 11077 | D:9      | Reached *** piety under Okawaru
 11599 | D:10     | Entered Level 10 of the Dungeon
 11599 | D:10     | Noticed a two-headed ogre
 11721 | D:10     | Reached XP level 11. HP: 60/73 MP: 11/11
 11822 | D:10     | Reached **** piety under Okawaru
 11908 | D:10     | Found a burning altar of Makhleb.
 12081 | D:10     | Killed a two-headed ogre
 12371 | D:10     | Found an ancient bone altar of Kikubaaqudgha.
 12447 | D:10     | Found a glowing golden altar of the Shining One.
 12466 | D:10     | Noticed a manticore
 12471 | D:10     | Noticed a yaktaur captain
 12475 | D:10     | Killed a manticore
 12476 | D:10     | Reached skill level 10 in Maces & Flails
 12476 | D:10     | Reached skill level 1 in Invocations
 12481 | D:10     | Killed a yaktaur captain
 12710 | D:10     | Found a runed translucent gate.
 12710 | D:10     | Found a runed translucent gate.
 12710 | D:10     | Found a runed translucent gate.
 12715 | D:10     | Noticed Pooter's ghost (journeyman MiBe)
 12807 | D:10     | Noticed Maurice
 12811 | D:10     | Noticed Maurice
 12811 | D:10     | Maurice changed into Maurice the water moccasin
 12814 | D:10     | Killed Maurice the water moccasin
 12903 | D:10     | Reached ***** piety under Okawaru
 13242 | D:11     | Noticed a boulder beetle
 13263 | D:11     | Killed a boulder beetle
 13263 | D:11     | Received a gift from Okawaru
 13404 | D:11     | Received a gift from Okawaru
 13558 | D:11     | You fall into a shaft and drop 1 floor!
 13558 | D:12     | Noticed a cyclops
 13578 | D:12     | Noticed a manticore
 13582 | D:12     | Killed a cyclops
 13621 | D:12     | Killed a manticore
 13621 | D:12     | Received a gift from Okawaru
 13622 | D:12     | Reached XP level 12. HP: 38/81 MP: 15/15
 13856 | D:12     | Found Unwy's Armour Shoppe.
 13858 | D:12     | Found a staircase to the Orcish Mines.
 13860 | D:12     | Found Wuhonedd's Weapon Shoppe.
 14115 | D:12     | Reached skill level 5 in Invocations
 14462 | D:12     | Found an ornate altar of the Wu Jian Council.
 14654 | D:12     | Noticed a two-headed ogre
 14661 | D:12     | Killed a two-headed ogre
 14784 | D:12     | Noticed a seven-headed hydra
 14793 | D:12     | Killed a seven-headed hydra
 15252 | D:11     | Received a gift from Okawaru
 15277 | D:11     | Found a portal to a secret trove of treasure.
 15917 | D:13     | Noticed Jorgrun
 15926 | D:13     | Killed Jorgrun
 16276 | D:13     | Identified the +2 hand axe "Honestrei" {speed, Str+4}
 16969 | D:13     | Reached XP level 13. HP: 88/88 MP: 18/18
 16994 | D:13     | Noticed Azrael
 17015 | D:13     | Killed from afar by Azrael

Illustrated notes

Levels and vault maps discovered:
D:1:      dpeg_arrival_arbitrary_a, layout_basic, grunt_decor_one_mirror,
          st_stairs_4
D:2:      layout_rooms, serial_bayou_pond_a
D:3:      layout_loops_ring, mainiacjoe_overflow_brackets,
          gup_sewer_entry_spiral, kennysheep_generic_room_3, uniq_grinder
D:4:      layout_loops_cross, serial_glass, glass_columns_a, glass_columns_c,
          uniq_duvessa
D:5:      layout_loops_corners, mainiacjoe_overflow_catwalk, minmay_lizard_king,
          uniq_pikel
D:6:      layout_layer_cave, mainiacjoe_overflow_large_starburst,
          minmay_temple_entry_statues_pillars, uniq_blork_the_orc
D:7:      layout_gridville, lemuel_doored_altar
D:8:      layout_loops_ring, erik_lair_island,
          eino_small_chamber_without_monster
D:9:      layout_rooms, chequers_big_river
D:10:     layout_cave_pods, kennysheep_mini, mainiacjoe_overflow_swirl,
          gammafunk_ghost_spectres, chequers_serial_rivers_micro_b,
          minmay_three_doors, uniq_maurice
D:11:     layout_big_octagon, portal_ice_cave_entry_pillars_1,
          nicolae_trove_entry_isolated
D:12:     layout_cave_pods, orc_david_3, nicolae_wu_jian_wuxing_cycle
D:13:     layout_roguey [special_room_bee], uniq_azrael, uniq_jorgrun
Temple:   jpeg_temple_clearing

Skill      XL: |  1  2  3  4  5  6  7  8  9 10 11 12 |
---------------+-------------------------------------+-----
Armour         | 4 5 6 7 9 10 12 13 | 13.3
Fighting       | 4 5 6 7 9 10 12 13 | 13.3
Shields        | 4 |  4.0
Maces & Flails | 3 4 5 6 8 9 10 12 | 12.0
Invocations    | 4 7 |  7.0

Action                   |  1- 3 |  4- 6 |  7- 9 | 10-12 | 13-15 || total
-------------------------+-------+-------+-------+-------+-------++-------
Melee: Flail             |    69 |   294 |    11 |       |       ||   374
       Whip              |       |       |   493 |   433 |       ||   926
       Eveningstar       |       |       |       |   266 |    11 ||   277
Throw: Throwing net      |       |     1 |       |     1 |       ||     2
Invok: Heroism           |       |       |       |     1 |       ||     1
       Finesse           |       |       |       |     1 |       ||     1
Evoke: Wand              |       |       |       |    16 |       ||    16
  Use: Scroll            |     2 |    10 |     6 |     5 |       ||    23
       Potion            |       |     2 |     1 |     1 |       ||     4
 Stab: Invisible         |       |       |     2 |       |       ||     2
       Held in net/web   |       |       |       |     1 |       ||     1
Armor: Scale mail        |    49 |   165 |    90 |       |       ||   304
       Plate armour      |       |       |    29 |   429 |    13 ||   471
Dodge: Dodged            |    43 |   200 |   145 |   292 |     9 ||   689
Block: Buckler           |    19 |   139 |   203 |   426 |     5 ||   792
       Reflection        |       |       |     6 |    14 |       ||    20

Table legend: (Time is in decaauts)
 A = Elapsed time spent in this place.
 B = Non-inter-level travel time spent in this place.
 C = Inter-level travel time spent in this place.
 D = Time resting spent in this place.
 E = Time spent auto-exploring this place.
 F = Levels seen in this place.
 G = Mean time per level.
                   A        B        C        D        E       F      G
               +--------+--------+--------+--------+--------+-----+--------+
         Total |  16945 |  16494 |    451 |   5127 |   7748 |  15 | 1129.7 |
       Dungeon |  15576 |  15139 |    437 |   4535 |   7357 |  13 | 1198.2 |
        Temple |    136 |    122 |     14 |      0 |     82 |   1 |  136.0 |
         Sewer |   1232 |   1232 |      0 |    592 |    309 |   1 | 1232.0 |
               +--------+--------+--------+--------+--------+-----+--------+

Top non-repeatable levels by time:
    D:12: 2066 daAuts
     D:3: 1640 daAuts
    D:10: 1560 daAuts
     D:1: 1499 daAuts
     D:5: 1284 daAuts
   Sewer: 1232 daAuts
     D:7: 1181 daAuts
     D:6: 1115 daAuts
    D:11: 1078 daAuts
     D:4: 949 daAuts
     D:2: 928 daAuts
     D:8: 912 daAuts
     D:9: 790 daAuts
    D:13: 570 daAuts
  Temple: 136 daAuts
